Zazza, lawful female human Tourist ---------- |....{...| ...Bh....| : |..@.....| W -----|---- W f f a : W @ m Zazza the Sightseer Experience level: 3 Strength: 16 Dexterity: 3 Constitution: 16 Intelligence: 13 Wisdom: 8 Charisma: 18 Health: 0(35) Energy: 15(15) Def: 5 Gold: 36 Moves: 2608 Dungeon seed: nzF1fSELN7faiGCQ Game ID: Zazza_1574721801 Your Inventory: Coins $ - 36 gold pieces Weapons a - 29 +2 darts (in quiver) w - a +1 orcish dagger (weapon in hand) x - a corroded +2 dart F - 50 +0 darts I - a +0 orcish dagger J - 9 +0 arrows K - a +0 bow V - 7 +0 shuriken Armor e - an uncursed +0 Hawaiian shirt (being worn) y - an uncursed +1 pair of kicking boots (being worn) z - an uncursed +0 cloak of protection (being worn) N - a cursed -1 helm of opposite alignment (being worn) Comestibles d - an uncursed lembas wafer g - 7 uncursed food rations Scrolls s - an uncursed scroll of identify v - an uncursed scroll of earth C - an uncursed scroll of enchant weapon H - a blessed scroll of charging Q - an uncursed scroll of scare monster Potions t - an uncursed potion of blindness A - an uncursed potion of sickness D - an uncursed potion of water T - a blessed potion of booze Wands u - a wand of slow monster (0:3) E - a wand of secret door detection (0:11) Tools m - an expensive camera (0:33) n - an uncursed credit card L - an uncursed tallow candle (0:200) Gems q - 2 uncursed worthless pieces of orange glass r - 2 uncursed worthless pieces of yellowish brown glass Y - an uncursed worthless piece of red glass Spells and supernatural/magical abilities: Name Level Category Fail Memory W - pray for help -- divine ? -- Your skills at the end: Fighting Skills Weapon Skills dart [Basic] Spellcasting Skills Final Attributes: You were piously aligned. You were blinded. You were telepathic. You were protected. You are dead. Vanquished creatures: a small mimic a shrieker a floating eye a kobold lord a giant bat an iguana 2 gas spores a hobbit 2 hobgoblins a cave spider 2 green molds 5 gnomes 4 geckos 5 jackals 3 foxes a kobold a goblin 3 grid bugs 3 lichens 6 newts 45 creatures vanquished. Voluntary challenges: You had been an atheist until turn 2603. You used a wielded weapon 11 times, starting on turn 1092. You read items or engraved 8 times, starting on turn 9. You never genocided any monsters. You never polymorphed an object. You never changed form. You used no wishes. You never split a pudding. You wrote Elbereth's name 2 times, starting on turn 1766. You never violated your personal moral code. Dungeon overview: The Dungeons of Doom: levels 1 to 7 Level 1 some fountains a long staircase Level 2 a fountain a long staircase Level 3 a general store Level 4 a general store, some fountains Level 5 many fountains Level 6 Level 7 <- You were here a fountain History has recorded: On T:1 you entered the Dungeons of Doom to retrieve the Amulet of Yendor! On T:327 you reached level 2 of The Dungeons of Doom. On T:716 you reached level 3 of The Dungeons of Doom. On T:1006 you advanced to experience level 2. On T:1275 you reached level 4 of The Dungeons of Doom. On T:1730 you reached level 5 of The Dungeons of Doom. On T:2046 you advanced to experience level 3. On T:2551 you reached level 6 of The Dungeons of Doom. On T:2594 you reached level 7 of The Dungeons of Doom. Score breakdown: Gold: 0 ( 0 points) Experience: 3 levels ( 7878 points) Exploration: 7 levels ( 14.58%) (10718 points) Discoveries: 7 items ( 2.35%) ( 4597 points) Valuables value: (no points given unless you survive) Artifact value: 0 ( 0 points) Variety of kills: 20 monsters ( 5.25%) ( 6873 points) Turncount: 2608 turns ( -393 points) Survival: died (score multiplied by 80%) Total score: 23738 Latest messages: The raven bites! (2x) You begin praying to Blind Io. The raven bumps right into you! The hobbit starts to attack you, but pulls back. The raven starts to attack you, but pulls back. You feel that Blind Io is well-pleased. The hobbit hits! Never mind. You write in the dust with your fingers. The raven bumps right into you! You can't see! (You can feel around with 'grope', typically on ^G.) Yecch! This stuff tastes like poison. Your muscles won't obey you. You die... Final status: Aloha Zazza the Tourist, killed by contaminated potion... You died in The Dungeons of Doom on dungeon level 7 with 23738 points, and 36 pieces of gold, after 2608 moves. You were level 3 with a maximum of 35 hit points when you died.